 Dungeon Crawl Stone Soup version 0.25-a0-67-g7dccc1bee0 (webtiles) character file.

Game seed: 3170555208915838521, levelgen mode: deterministic

644 iamserjio the Conjurer (level 7, -5/45 HPs)
             Began as an Octopode Fire Elementalist on Nov 1, 2019.
             Slain by Duvessa
             ... wielding a +0 short sword
              (7 damage)
             ... on level 5 of the Dungeon.
             The game lasted 00:06:48 (5144 turns).

iamserjio the Conjurer (Octopode Fire Elementalist) Turns: 5144, Time: 00:06:49

Health: -5/45      AC:  1    Str:  7    XL:     7   Next: 52%
Magic:  9/19       EV: 14    Int: 20    God:
Gold:   139        SH:  5    Dex: 12    Spells: 2/10 levels left

rFire    . . .     SeeInvis .   s - +0 short sword
rCold    . . .     Gourm    .   a - +0 buckler
rNeg     . . .     Faith    .   (helmet restricted)
rPois    .         Spirit   .   (no amulet)
rElec    .         Reflect  .   o - ring of magical power
rCorr    .         Harm     .   (no ring)
MR       .....                  (no ring)
Stlth    +++.......             (no ring)
HPRegen  0.15/turn              (no ring)
MPRegen  0.16/turn              (no ring)
                                (no ring)
                                (no ring)

@: no status effects
A: almost no armour, stealthy swim, amphibious, 8 rings, constrict 8, camouflage
1, gelatinous body 1
a: no special abilities


You were on level 5 of the Dungeon.
You were not hungry.

You visited 1 branch of the dungeon, and saw 5 of its levels.

You collected 139 gold pieces.

Inventory:

Hand Weapons
 s - a +0 short sword (weapon)
Missiles
 f - 38 poisoned darts (quivered)
 i - 186 stones
 p - 61 arrows
Armour
 a - a +0 buckler (worn)
Jewellery
 l - an uncursed amulet of regeneration {unknown}
 o - a ring of magical power (left tentacle)
Wands
 e - a wand of digging (4)
 n - a wand of acid (4)
 t - a wand of polymorph (8)
Scrolls
 c - a scroll of noise {unknown}
 g - 6 scrolls of remove curse {unknown}
 h - 6 scrolls of identify {unknown}
 j - a scroll of amnesia {unknown}
 k - 6 scrolls of enchant armour {unknown}
 m - 3 scrolls of teleportation {unknown}
 q - a scroll of random uselessness {unknown}
 r - 2 scrolls of fear {unknown}
Potions
 d - a potion of agility {unknown}
 u - a potion of resistance {unknown}
 v - 2 potions of flight {unknown}
 w - a potion of curing {@q1}
 x - a potion of heal wounds
Comestibles
 b - 8 rations


   Skills:
 - Level 2.0 Fighting
 - Level 3.0 Dodging
 - Level 2.6 Stealth
 * Level 3.9 Shields
 - Level 2.0 Spellcasting
 * Level 4.8 Conjurations
 + Level 4.4 Fire Magic


You had 2 spell levels left.
You knew the following spells:

 Your Spells              Type           Power        Failure   Level  Hunger
a - Flame Tongue          Conj/Fire      ###..        2%          1    #......
b - Conjure Flame         Conj/Fire      ###.....     7%          3    ###....
c - Sticky Flame          Conj/Fire      ###.....     24%         4    #####..

Your spell library contained the following spells:

 Spells                   Type           Power        Failure   Level  Hunger
 Throw Flame              Conj/Fire      ###...       3%          2    ##.....
 Inner Flame              Hex/Fire       ##......     19%         3    ###....
 Fireball                 Conj/Fire      ###.......   54%         5    ######.


Dungeon Overview and Level Annotations

Branches:
Dungeon (5/15)
 Temple: D:4-7

Altars:
The Shining One

Annotations:
D:5 Dowan, Duvessa


Innate Abilities, Weirdness & Mutations

You cannot wear most types of armour.
You are very stealthy in the water. (Stealth+)
You are amphibious.
You can wear up to eight rings at the same time.
You can use your tentacles to constrict eight enemies at once.
Your skin changes colour to match your surroundings (Stealth+).
Your rubbery body absorbs attacks. (AC +1, EV +1)


Message History

You constrict Duvessa, but do no damage.
Duvessa is engulfed in blazing flames.
Duvessa misses you.
Dowan casts a spell.
Dowan blinks!
Duvessa hits you with a +0 short sword!
* * * LOW HITPOINT WARNING * * *
Casting: Flame Tongue (safe; 2% risk of failure)
Aiming: Flame Tongue (safe; 2% risk of failure)
Aim: Duvessa, wielding a +0 short sword and wearing a +3 scale mail of fire resistance (flame, heavily wounded, constricted by you, fast)
The flame tongue hits Duvessa but does no damage.
You constrict Duvessa, but do no damage.
Duvessa is engulfed in blazing flames.
Duvessa barely misses you.
Casting: Flame Tongue (safe; 2% risk of failure)
Aiming: Flame Tongue (safe; 2% risk of failure)
Aim: Duvessa, wielding a +0 short sword and wearing a +3 scale mail of fire resistance (flame, severely wounded, constricted by you, fast)
The flame tongue hits Duvessa.
Duvessa resists.
You constrict Duvessa, but do no damage.
Duvessa is engulfed in blazing flames.
Duvessa hits you with a +0 short sword!
* * * LOW HITPOINT WARNING * * *
Duvessa hits you with a +0 short sword!
You die...

# ##......... #....
.... ## .........#
#... #..# #.
####...##... ..#
..###..# #.
......##........# #.#
#..# #. .....
e......#####.###..#
#. ###..
.........##..#..# ##.
# #.#
#..........####..
#..####...####.....##
#..e@#..#.# #.##.###
#.###.###.# #.##.# #
#.## ### #.#### #.#
### ##


You could see Duvessa and Dowan.

Vanquished Creatures
  Sigmund (D:3)
  A bullfrog (D:4)
  2 scorpions
  A howler monkey (D:4)
  Terence (D:3)
  An iguana (D:4)
  An orc wizard (D:5)
  2 worker ants (D:4)
  A mummy (D:4)
  7 adders
  An adder zombie (D:5)
  4 worms
  3 dart slugs
  2 leopard geckos (D:4)
  2 orcs (D:5)
  8 giant cockroaches
  8 goblins
  8 hobgoblins
  2 jackals
  4 ball pythons
  A bat (D:1)
  2 frilled lizards
  A hobgoblin zombie (D:4)
  2 kobolds
  3 kobold zombies (D:4)
  7 rats
76 creatures vanquished.

Notes
Turn   | Place    | Note
-------+----------+-------------------------------------------
     0 | D:1      | iamserjio the Octopode Fire Elementalist began the quest
                  | for the Orb.
     0 | D:1      | Reached XP level 1. HP: 11/11 MP: 3/3
   243 | D:1      | Reached XP level 2. HP: 15/17 MP: 0/5
  1123 | D:2      | Reached XP level 3. HP: 21/21 MP: 3/6
  1360 | D:2      | Found a glowing golden altar of the Shining One.
  1944 | D:2      | Learned a level 3 spell: Conjure Flame
  2006 | D:3      | Reached XP level 4. HP: 19/27 MP: 0/7
  2160 | D:3      | Noticed Terence
  2181 | D:3      | Killed Terence
  2193 | D:3      | Reached skill level 1 in Shields
  2304 | D:3      | Noticed Sigmund
  2337 | D:3      | Killed Sigmund
  2337 | D:3      | Reached skill level 1 in Fighting
  2337 | D:3      | Reached XP level 5. HP: 33/33 MP: 2/8
  2337 | D:3      | Reached XP level 6. HP: 38/38 MP: 2/9
  3197 | D:4      | Noticed a phantom
  3524 | D:4      | Learned a level 4 spell: Sticky Flame
  3580 | D:4      | Reached XP level 7. HP: 11/45 MP: 6/10
  4563 | D:5      | Entered Level 5 of the Dungeon
  5129 | D:5      | Noticed Duvessa
  5129 | D:5      | Noticed Dowan
  5144 | D:5      | HP: 2/45 [Duvessa/+0 short sword (7)]
  5144 | D:5      | Slain by Duvessa

Levels and vault maps discovered:
D:1:      matt_arrival_diagonals, layout_basic
D:2:      layout_loops_cross, nicolae_tso_carved_into_rock
D:3:      layout_basic, first_ration, grunt_decor_cap, uniq_sigmund,
          uniq_terence
D:4:      layout_cave_pools, minmay_mini_ossuary
D:5:      layout_layer_cave, basic_altar, uniq_duvessa

Skill      XL: |  1  2  3  4  5  6 |
---------------+-------------------+-----
Conjurations   | 2 3 4 |  4.8
Dodging        | 3 |  3.0
Shields        | 2 3 |  3.9
Fighting       | 1 2 |  2.0
Fire Magic     | 4 |  4.4
Stealth        | |  2.6
Spellcasting   | |  2.0

Action                   |  1- 3 |  4- 6 |  7- 9 || total
-------------------------+-------+-------+-------++-------
Melee: Unarmed           |    11 |     2 |       ||    13
       Constrict         |     5 |       |     3 ||     8
       Tentacles         |     1 |       |       ||     1
       Short sword       |       |       |    11 ||    11
Throw: Dart              |       |     5 |       ||     5
 Cast: Flame Tongue      |    62 |    81 |    47 ||   190
       Sticky Flame      |       |     1 |     4 ||     5
       Conjure Flame     |       |       |     1 ||     1
  Use: Potion            |       |     4 |       ||     4
  Eat: Chunk             |     4 |     5 |     7 ||    16
Armor: Skin              |     2 |     6 |       ||     8
Dodge: Dodged            |    21 |    26 |    23 ||    70
Block: Buckler           |       |     7 |     4 ||    11

Table legend:
 A = Non-vault XP
 B = Vault XP
 C = Vault XP percentage of total XP
 D = Non-vault monster count
 E = Vault monster count
 F = Vault count percentage of total count
                 A         B        C        D         E       F
            +---------+---------+-------+---------+---------+-------
      Total |     635 |     285 |  31.0 |      69 |       7 |   9.2
            +---------+---------+-------+---------+---------+-------
        D:1 |      33 |       0 |   0.0 |      20 |       0 |   0.0
        D:2 |      45 |       0 |   0.0 |      11 |       0 |   0.0
        D:3 |      84 |     263 |  75.8 |      16 |       2 |  11.1
        D:4 |     352 |      22 |   5.9 |      16 |       5 |  23.8
        D:5 |     121 |       0 |   0.0 |       6 |       0 |   0.0
            +---------+---------+-------+---------+---------+-------
